 Dungeon Crawl Stone Soup version 0.21.1-1-g345015f (webtiles) character file.

18 Gadfly the Conjurer (level 2, 0/33 HPs)
             Began as a Draconian Conjurer on July 11, 2018.
             Succumbed to a gnoll's poison
             ... on level 1 of the Dungeon.
             The game lasted 00:03:27 (910 turns).

Gadfly the Conjurer (Draconian Conjurer)             Turns: 910, Time: 00:03:27

Health: 0/33       AC: 21    Str: 10    XL:     2   Next: 51%
Magic:  5/5        EV:  2    Int: 20    God:
Gold:   43         SH:  0    Dex: 11    Spells: 2/5 levels left

rFire    . . .     SeeInvis .   d - +1 mace (holy)
rCold    . . .     Gourm    .   (no shield)
rNeg     + + +     Faith    .   (armour unavailable)
rPois    +         Spirit   .   (helmet currently unavailable)
rElec    .         Reflect  .   (cloak currently unavailable)
rCorr    .         Harm     .   (gloves currently unavailable)
MR       .....     NoTele   +   (boots currently unavailable)
Stlth    ++........             (no amulet)
HPRegen  0.11/turn              (no ring)
MPRegen  0.09/turn              (no ring)

@: brilliant, lethally poisoned (0 -> -1), tree-form (expiring)
A: unfitting armour, AC +4
a: no special abilities


You were on level 1 of the Dungeon.
You were not hungry.
You were a tree.
You visited 1 branch of the dungeon, and saw 2 of its levels.

You collected 43 gold pieces.

Inventory:

Hand Weapons
 d - a +1 mace of holy wrath (weapon)
Armour
 j - a +0 pair of gloves (melded)
Jewellery
 c - a cursed ring of teleportation {unknown}
Scrolls
 f - a scroll of remove curse
 h - a scroll of identify {unknown}
Books
 a - a book of Conjurations

   Spells                             Type                      Level
   a - Magic Dart                     Conjuration                  1
   b - Searing Ray                    Conjuration                  2
   c - Dazzling Spray                 Conjuration/Hexes            3
   d - Fulminant Prism                Conjuration/Hexes            4
   e - Force Lance                    Conjuration/Translocation    4
   f - Iskenderun's Mystic Blast      Conjuration                  4
Comestibles
 b - a ration
 g - 2 chunks of flesh


   Skills:
 + Level 0.8 Fighting
 + Level 2.0 Dodging
 - Level 1.7 Stealth
 * Level 2.3 Spellcasting
 * Level 4.2 Conjurations


You had 2 spell levels left.
You knew the following spells:

 Your Spells              Type           Power        Failure   Level  Hunger
a - Magic Dart            Conj           ####         1%          1    #......
b - Searing Ray           Conj           ####..       1%          2    ##.....


Dungeon Overview and Level Annotations

Branches:
Dungeon (2/15)

Altars:


Innate Abilities, Weirdness & Mutations

((Your plain brown scales are hard. (AC +4)))
You cannot fit into any form of body armour.
((You are cold-blooded and may be slowed by cold attacks.))


Message History

* * * LOW HITPOINT WARNING * * *
You feel sick.
* * * LOW HITPOINT WARNING * * *
You feel sick.
* * * LOW HITPOINT WARNING * * *
You feel sick.
* * * LOW HITPOINT WARNING * * *
You feel sick.
* * * LOW HITPOINT WARNING * * *
You feel sick.
* * * LOW HITPOINT WARNING * * *
You feel sick.
* * * LOW HITPOINT WARNING * * *
You feel sick.
* * * LOW HITPOINT WARNING * * *
You feel sick.
* * * LOW HITPOINT WARNING * * *
You feel sick.
Your transformation is almost over.
You die...

#####....# #.#### #.#..###.
###### ####.# #.# #.##.# #.
.....# #.# #.# #.##.# #.
####.# #.# #.# #..#.# #.
#.# #.# #.# ##.#.# #.
#.#########.###.######....#
#.
#.##............##........#
#.
#.##.######.######.###...##
#. #.##.# #..♣.....# ##>##
#. #.##.# ########## #.# #.
#.##.# #.# #. #.##.#
########## #.# ## #.##.#
#........# #.# #.##.#
#.#.###..# #.#
#.##.######.#.###..####.#
#..............##.......#
###########.##.##.÷######


There were no monsters in sight!

Vanquished Creatures
  A dart slug (D:1)
  A giant cockroach (D:1)
  3 hobgoblins (D:1)
  2 ball pythons (D:1)
  2 bats (D:1)
  3 goblins (D:1)
  2 kobolds (D:1)
  2 rats (D:1)
16 creatures vanquished.

Notes
Turn   | Place    | Note
-------+----------+-------------------------------------------
     0 | D:1      | Gadfly the Draconian Conjurer began the quest for the Orb.
     0 | D:1      | Reached XP level 1. HP: 14/14 MP: 3/3
   185 | D:1      | Reached XP level 2. HP: 21/22 MP: 5/5
   216 | D:1      | Learned a level 2 spell: Searing Ray
   902 | D:1      | HP: 1/33 [poisoned by a gnoll]
   910 | D:1      | Succumbed to a gnoll's poison

Skill      XL: |  1  2 |
---------------+-------+-----
Dodging        | 2 |  2.0
Fighting       | |  0.8
Stealth        | |  1.7
Spellcasting   | |  2.3
Conjurations   | |  4.2

Action                   || total
-------------------------++-------
Melee: Unarmed           ||    10
       Hand axe          ||    26
       Short sword       ||     2
       Tailslap          ||     2
       Mace              ||    11
 Cast: Magic Dart        ||     8
  Use: Scroll            ||     2
       Potion            ||     2
 Stab: Sleeping          ||     2
Armor: Skin              ||    14
Dodge: Dodged            ||    39
